 Dungeon Crawl Stone Soup version 0.23-a0-435-g79ed067e35 (webtiles) character file.

196340 runewalsh the Black Belt (level 18, -1/153 HPs)
             Began as an Octopode Wizard on Nov 16, 2018.
             Was a High Priest of Sif Muna.
             Killed from afar by the Enchantress the stone giant (8 damage)
             ... with an exploding inner flame
             ... hexed by the player character
             ... on level 1 of the Depths.
             The game lasted 02:03:21 (28363 turns).

runewalsh the Black Belt (Octopode Wizard)         Turns: 28363, Time: 02:03:22

Health: -1/153     AC: 29    Str:  6    XL:     18   Next: 81%
Magic:  0/46       EV: 26    Int: 30    God:    Sif Muna [*****.]
Gold:   180        SH:  5    Dex: 15    Spells: 8/31 levels left

rFire    + + .     SeeInvis .     - Unarmed
rCold    + . .     Gourm    .   r - +0 buckler
rNeg     + . .     Faith    .   Z - +2 hat
rPois    ∞         Spirit   +   G - amulet of guardian spirit
rElec    +         Reflect  .   e - ring of magical power
rCorr    .         Harm     .   b - ring of protection from fire
MR       +....                  i - ring "Filulual" {EV+6 Dex+3}
Stlth    +++++.....             Q - ring of the Mage {Wiz MR++ Int+3}
HPRegen  0.35/turn              U - ring of protection from fire
MPRegen  0.30/turn              F - +4 ring of evasion
                                J - ring of protection from cold
                                O - ring of magical power

@: statue-form, vulnerable, hasted, studying 2 skills, divine energy
A: almost no armour, stealthy swim, amphibious, 8 rings, constrict 8, camouflage
2, mutation resistance 1
a: End Transformation, Stop Divine Energy, Channel Magic, Forget Spell, Renounce
Religion


You were on level 1 of the Depths.
You worshipped Sif Muna.
Sif Muna was extremely pleased with you.
You were hungry.
You were a stone statue.
You visited 5 branches of the dungeon, and saw 27 of its levels.
You also visited: Labyrinth, Sewer, Bailey, Ice Cave and Volcano.

You collected 3148 gold pieces.
You spent 2968 gold pieces at shops.

Inventory:

Missiles
 z - 1011 arrows
Armour
 r - a +0 buckler (worn)
 Z - a +2 hat (worn)
Jewellery
 b - a ring of protection from fire (right tentacle)
 d - an uncursed ring of protection from cold
 e - a ring of magical power (left tentacle)
 f - the amulet "Iskaitra" {RegenMP rElec}
   (You bought it in a shop on level 2 of the Orcish Mines)

   [amulet of magic regeneration]

   It increases your magic regeneration.
   It insulates you from electricity.
 i - the ring "Filulual" (on tentacle) {EV+6 Dex+3}
   (You took it off an orc on level 4 of the Dungeon)

   [ring of evasion]

   It affects your evasion (+6).
   It affects your dexterity (+3).
 B - an uncursed ring of positive energy
 C - an uncursed ring of resist corrosion
 F - a +4 ring of evasion (on tentacle)
 G - an amulet of guardian spirit (around mantle)
 I - the ring of Jaesmozo {*Corrode +Fly Int+4 Dex+4 SInv}
   (You bought it in a shop on level 2 of the Orcish Mines)

   [ring of intelligence]

   It affects your intelligence (+4).
   It affects your dexterity (+4).
   It lets you see invisible.
   It lets you fly.
   It may corrode you when you take damage.
 J - a ring of protection from cold (on tentacle)
 O - a ring of magical power (on tentacle)
 Q - the ring of the Mage (on tentacle) {Wiz MR++ Int+3}
   (You bought it in a shop on level 2 of the Orcish Mines)

   [ring of wizardry]

   It improves your spell success rate.
   It affects your intelligence (+3).
   It affects your resistance to hostile enchantments.
 S - an uncursed ring of positive energy
 U - a ring of protection from fire (on tentacle)
Wands
 p - a wand of polymorph (18)
 D - a wand of digging (6)
 H - a wand of clouds (11)
 P - a wand of iceblast (65)
 Y - a wand of acid (8)
Scrolls
 a - 2 scrolls of identify
 k - a scroll of fog
 l - 3 scrolls of blinking
 n - 3 scrolls of magic mapping
 o - a scroll of vulnerability {!r}
 s - 11 scrolls of remove curse
 t - 3 scrolls of teleportation
 M - a scroll of amnesia
 N - a scroll of summoning
 R - a scroll of holy word
 T - 4 scrolls of immolation
Potions
 g - 7 potions of curing
 j - 3 potions of magic
 m - 2 potions of might
 v - 2 potions of ambrosia
 x - 6 potions of brilliance
 y - 4 potions of agility
 E - a potion of haste
 K - a potion of cancellation
 L - 2 potions of invisibility
 V - a potion of resistance
Books
 u - a manual of Ice Magic
 w - a manual of Necromancy
Miscellaneous
 h - a phial of floods
 A - 2 sacks of spiders
 W - 3 phantom mirrors
Comestibles
 c - 24 rations
 q - a chunk of flesh


   Skills:
 - Level 9.0 Fighting
 - Level 6.0 Dodging
 - Level 6.0 Stealth
 - Level 4.0 Shields
 * Level 18.9 Unarmed Combat
 - Level 7.0 Spellcasting
 + Level 11.0 Conjurations
 - Level 4.0 Charms
   Level 1.0 Summonings
 + Level 6.2 Necromancy
 - Level 2.0 Translocations
 - Level 14.0 Transmutations
 + Level 9.0 Ice Magic
 - Level 1.0 Air Magic
 - Level 8.0 Earth Magic
 - Level 3.0 Poison Magic
 - Level 10.0 Evocations


You had 8 spell levels left.
You knew the following spells:

 Your Spells              Type           Power        Failure   Level  Hunger
b - Sticks to Snakes      Tmut           #######.     0%          2    None
c - Blink                 Tloc           N/A          1%          2    None
d - Mephitic Cloud        Conj/Pois/Air  #####...     1%          3    None
r - Regeneration          Chrm/Necr      #####.....   1%          3    None
s - Statue Form           Tmut/Erth      ######...    3%          6    ######.
y - Fulminant Prism       Conj/Hex       #####.....   1%          4    ##.....
F - Conjure Flame         Conj/Fire      #####...     1%          3    None

Your spell library contained the following spells:

 Spells                   Type           Power        Failure   Level  Hunger
 Beastly Appendage        Tmut           ######       0%          1    None
 Animate Skeleton         Necr           N/A          1%          1    None
 Apportation              Tloc           ###...       1%          1    None
 Confusing Touch          Hex            ##....       1%          1    None
 Corona                   Hex            ##.....      1%          1    None
 Flame Tongue             Conj/Fire      #####        1%          1    None
 Infusion                 Chrm           ####         1%          1    None
 Magic Dart               Conj           ####         1%          1    None
 Sandblast                Erth           ######       1%          1    None
 Shock                    Conj/Air       ####         1%          1    None
 Sting                    Conj/Pois      ####         1%          1    None
 Summon Butterflies       Summ           ###.....     1%          1    None
 Summon Small Mammal      Summ           ###.         1%          1    None
 Call Imp                 Summ           ###.....     1%          2    None
 Corpse Rot               Necr           N/A          1%          2    None
 Ensorcelled Hibernation  Hex/Ice        #####.       1%          2    None
 Passwall                 Tmut/Erth      ######..     1%          2    None
 Poisonous Vapours        Pois/Air       ###...       1%          2    None
 Searing Ray              Conj           ######       1%          2    None
 Shroud of Golubria       Chrm/Tloc      ####......   1%          2    None
 Song of Slaying          Chrm           ####....     1%          2    None
 Sublimation of Blood     Necr           #####.....   1%          2    None
 Swiftness                Chrm/Air       ####....     1%          2    None
 Throw Flame              Conj/Fire      #####.       1%          2    None
 Throw Frost              Conj/Ice       ######       1%          2    None
 Dazzling Spray           Conj/Hex       #####.       1%          3    None
 Ignite Poison            Fire/Tmut/Pois #####...     1%          3    None
 Spider Form              Tmut/Pois      ######....   1%          3    None
 Static Discharge         Conj/Air       #####...     1%          3    None
 Stone Arrow              Conj/Erth      ######       1%          3    None
 Vampiric Draining        Necr           #####.....   1%          3    None
 Animate Dead             Necr           N/A          1%          4    ##.....
 Force Lance              Conj/Tloc      #####...     1%          4    ##.....
 Ice Form                 Ice/Tmut       ######..     1%          4    ##.....
 Iskenderun's Mystic Bla  Conj           ######..     1%          4    ##.....
 Petrify                  Tmut/Erth      ######..     1%          4    ##.....
 Sticky Flame             Conj/Fire      #####...     1%          4    ##.....
 Alistair's Intoxication  Tmut/Pois      ######..     1%          5    ####...
 Blade Hands              Tmut           #######...   1%          5    ####...
 Bolt of Draining         Conj/Necr      ######....   1%          5    ####...
 Irradiate                Conj/Tmut      ######....   1%          5    ####...
 Lee's Rapid Deconstruct  Erth           ######....   1%          5    ####...
 Hydra Form               Tmut           #######...   1%          6    ######.
 Slow                     Hex            ##......     2%          2    None
 Spectral Weapon          Hex/Chrm       ###.....     2%          3    None
 Summon Ice Beast         Ice/Summ       #####...     2%          4    ##.....
 Iskenderun's Battlesphe  Conj/Chrm      ######..     2%          5    ####...
 Recall                   Summ/Tloc      N/A          3%          3    None
 Leda's Liquefaction      Hex/Erth       ####......   3%          4    ##.....
 Venom Bolt               Conj/Pois      ######....   3%          5    ####...
 Call Canine Familiar     Summ           ###.....     4%          3    None
 Portal Projectile        Hex/Tloc       ###...       4%          3    None
 Summon Guardian Golem    Hex/Summ       ##......     4%          3    None
 Agony                    Necr           #####...     4%          5    ####...
 Bolt of Magma            Conj/Fire/Erth #####.....   4%          5    ####...
 Dispel Undead            Necr           #####...     4%          5    ####...
 Lightning Bolt           Conj/Air       #####.....   4%          5    ####...
 Bolt of Cold             Conj/Ice       ######....   4%          6    ######.
 Dragon Form              Tmut           #######...   5%          7    #######
 Confuse                  Hex            ##......     6%          3    None
 Inner Flame              Hex/Fire       ##......     6%          3    None
 Tukima's Dance           Hex            ##......     6%          3    None
 Olgreb's Toxic Radiance  Pois           ####....     6%          4    ##.....
 Excruciating Wounds      Chrm/Necr      #####.....   6%          5    ####...
 Fireball                 Conj/Fire      #####.....   6%          5    ####...
 Iron Shot                Conj/Erth      ######....   6%          6    ######.
 Airstrike                Air            ###.......   12%         4    ##.....
 Summon Lightning Spire   Summ/Air       ###.....     12%         4    ##.....
 Orb of Destruction       Conj           ######....   17%         7    #######
 Cause Fear               Hex            ##........   19%         4    ##.....
 Bolt of Fire             Conj/Fire      #####.....   28%         6    ######.
 Summon Mana Viper        Hex/Summ       ##......     38%         5    ####...
 Spellforged Servitor     Conj/Summ      #####.....   77%         7    #######
 Ring of Flames           Chrm/Fire      ###.......   99%         7    #######
 Summon Hydra             Summ           ###.......   100%        7    #######
 Death's Door             Chrm/Necr      #####.....   100%        8    #######
 Disjunction              Tloc           ###.......   100%        8    #######
 Ignition                 Fire           ##........   100%        8    #######
 Shatter                  Erth           ######....   100%        9    #######
 Tornado                  Air            ###.......   100%        9    #######


Dungeon Overview and Level Annotations

Branches:
Dungeon (15/15)            Temple (0/1) D:6            Lair (6/6) D:9
 Shoals (0/4) Lair:2        Snake (0/4) Lair:4        Slime (0/5) Lair:6
    Orc (2/2) D:12            Elf (3/3) Orc:2        Vaults (0/5) D:14
 Depths (1/5) D:15

Altars:
Ashenzari
Cheibriados
Elyvilon
Fedhas
Hepliaklqana
Kikubaaqudgha
Nemelex Xobeh
Okawaru
Ru
Sif Muna
Vehumet
Beogh
Jiyva

Shops:
D:4 [   Orc:2 =*[[(   Elf:2 ?

Annotations:
D:9 2 transporters, exclusion: orange crystal statue
D:13 3 runed doors, Norriv's ghost, journeyman MiGl
Lair:5 3 runed doors, Joyc's ghost, journeyman MiBe


Innate Abilities, Weirdness & Mutations

You cannot wear most types of armour.
You are very stealthy in the water. (Stealth+)
You are amphibious.
You can wear up to eight rings at the same time.
You can use your tentacles to constrict eight enemies at once.
Your skin blends seamlessly with your surroundings (Stealth++).
((Your rubbery body absorbs attacks. (AC +1, EV +1)))
You are somewhat resistant to further mutation.


Message History

The fiery explosion engulfs the two-headed ogre.
The two-headed ogre explodes!
Sif Muna accepts your kill.
The fiery explosion engulfs the spriggan rider.
The spriggan rider explodes!
Sif Muna accepts your kill.
You blow up the hornet!
Sif Muna accepts your kill. x3
You blow up the hornet!
Sif Muna accepts your kill.
Your Necromancy skill increases to level 6!
The fiery explosion engulfs something.
Sif Muna accepts your kill.
Reactivating autopickup.
Your Conjurations skill increases to level 11!
You feel a bit more experienced. Sif Muna accepts your kill. x2
Your Ice Magic skill increases to level 9!
The fiery explosion engulfs you! You resist.
You die...

####....## ##...##
#..(.# ##..%%#### .
# ####§§§§)%..#
...#.#.§§§§§§...##
>..T..C§§§§§§§#####
.
#.T#.§§§C§§§%...#..
#......§§8§§§§%....
##..#.#%.O§§§§...
... #.####§§§§.###
. . #§§§§.# ..
#.§§..# .. #..%..#
.## #O%...# #.....#
O.....#


You could see a fire giant (inner flame), an ettin, 2 two-headed ogres, a deep
troll and a deep troll shaman.

Vanquished Creatures
  A lich (Depths:1)
  2 deep elf blademasters (Elf:3)
  A deep elf master archer (Elf:3)
  A fire giant (Lair:5)
  A frost giant (Depths:1)
  3 deep elf elementalists (Elf:3)
  A deep elf sorcerer (Elf:3)
  3 spriggan defenders (Depths:1)
  3 stone giants
  4 very ugly things (Depths:1)
  2 entropy weavers (Lair:5)
  4 deep elf demonologists
  A red draconian (Volcano)
  7 deep elf annihilators (Elf:3)
  A minotaur (Lab)
  7 deep elf death magi
  A fire dragon (Lair:6)
  5 deep elf high priests (Elf:3)
  3 ogre magi
  8 vault guards (D:14)
  A great orb of eyes (Depths:1)
  3 ice dragons
  A rakshasa (Depths:1)
  6 centaur warriors
  7 hydras
  A spriggan air mage (Depths:1)
  A death yak (D:14)
  A catoblepas (Lair:6)
  16 two-headed ogres
  26 dancing weapons
  3 tengu warriors
  A queen ant (Lair:5)
  A hell hog (D:14)
  A deep troll shaman (Depths:1)
  A deep troll earth mage (Depths:1)
  15 deep elf knights
  A fire crab (D:11)
  A fire crab (shapeshifter) (Elf:3)
  2 small abominations (Elf:3)
  2 unseen horrors
  2 deep trolls (Orc:2)
  15 deep elf archers
  A lindwurm (Lair:6)
  4 wolf spider zombies
  2 orc knights
  A necromancer (IceCv)
  2 oklob plants (Lair:2)
  A manticore (Lair:2)
  2 cyclopes (Orc:2)
  63 deep elf magi
  7 black mambas
  4 molten gargoyles
  9 elephants
  3 gargoyles
  7 spiny frogs
  An ice statue (IceCv)
  A torpor snail (Lair:6)
  6 rime drakes
  An efreet (D:14)
  3 yaktaurs
  12 komodo dragons
  12 freezing wraiths
  A minotaur zombie (Lab)
  3 meliai (D:14)
  A polar bear (Lair:4)
  A queen bee (D:7)
  10 trolls
  2 hornets (Depths:1)
  11 dream sheep
  16 blink frogs
  A meliai zombie (D:13)
  15 hippogriffs
  8 redbacks (D:13)
  4 water elementals
  A shadow (D:14)
  5 centaur simulacra
  3 air elementals
  A vampire (D:14)
  A human (shapeshifter) (Elf:1)
  6 wraiths
  4 spriggans (Depths:1)
  4 wyverns
  4 fire bats (Volcano)
  36 yaks
  9 fire elementals
  2 steam dragons (Lair:6)
  7 basilisks
  3 hungry ghosts
  3 wargs
  A death yak simulacrum (IceCv)
  A soldier ant (shapeshifter) (Elf:3)
  3 vampire mosquitoes (D:14)
  24 soldier ants
  An acid dragon (D:12)
  14 water moccasins
  8 hell hounds
  7 porcupines
  4 sky beasts
  18 orc warriors
  13 ice beasts
  30 ogres
  3 phantoms
  An alligator simulacrum (IceCv)
  16 centaurs
  7 wolves
  7 crocodiles
  7 big kobolds
  13 bullfrogs
  An earth elemental (Elf:2)
  A wyvern zombie (D:13)
  A swamp dragon simulacrum (IceCv)
  6 scorpions
  3 wights (D:7)
  19 killer bees
  4 howler monkeys
  4 electric eels
  11 lava snakes
  6 crimson imps
  3 bullfrog zombies
  2 quasits
  5 draconian simulacra (IceCv)
  4 centaur zombies
  A jelly (D:5)
  11 orc priests
  7 hounds
  A bullfrog skeleton (D:8)
  9 orc wizards
  6 centaur skeletons
  3 iguanas
  24 worker ants
  8 troll simulacra (IceCv)
  A spriggan simulacrum (IceCv)
  A wolf simulacrum (IceCv)
  A hound zombie (D:7)
  A hound skeleton (D:5)
  6 gnolls
  2 ogre simulacra (IceCv)
  15 adders
  A shadow imp (D:6)
  13 white imps
  An adder skeleton (D:7)
  4 worms
  2 leopard geckos
  75 orcs
  2 ball pythons (D:4)
  8 bats
  6 giant cockroaches
  13 goblins
  6 hobgoblins
  13 jackals
  A quokka (D:3)
  4 frilled lizards
  35 kobolds
  9 rats
  A butterfly (Lair:6)
  2 crawling corpses (Elf:3)
  2 fulminant prisms (Lair:5)
  2 fungi (Lair:5)
  A plant (Lair:2)
1017 creatures vanquished.

Vanquished Creatures (collateral kills)
  A spiny frog (Lair:1)
  3 soldier ants (Lair:5)
  A worker ant (Lair:5)
5 creatures vanquished.

Vanquished Creatures (others)
  4 deep elf knights
  A deep elf archer (Elf:1)
  A yaktaur (Volcano)
  2 humans (Lair:5)
  A bullfrog (Lair:5)
  A killer bee (D:10)
  An orc (D:13)
  52 fulminant prisms
  19 fungi
  14 plants
96 creatures vanquished.

Grand Total: 1118 creatures vanquished

Notes
Turn   | Place    | Note
-------+----------+-------------------------------------------
     0 | D:1      | runewalsh the Octopode Wizard began the quest for the Orb.
     0 | D:1      | Reached XP level 1. HP: 11/11 MP: 4/4
   102 | D:1      | Reached XP level 2. HP: 12/17 MP: 1/6
   570 | D:2      | Reached XP level 3. HP: 14/21 MP: 7/7
   574 | D:2      | Learned a level 2 spell: Blink
   578 | D:2      | Learned a level 3 spell: Mephitic Cloud
  1040 | D:2      | Found a faded altar of an unknown god.
  1044 | D:2      | Became a worshipper of Sif Muna the Loreminder
  1044 | D:2      | Reached * piety under Sif Muna
  1255 | D:3      | Reached skill level 1 in Poison Magic
  1801 | D:3      | You fall through a shaft for 2 floors!
  1801 | D:5      | Entered Level 5 of the Dungeon
  1814 | D:5      | Reached XP level 4. HP: 18/27 MP: 9/9
  1843 | D:5      | Reached skill level 1 in Air Magic
  1946 | D:5      | Learned a level 3 spell: Conjure Flame
  1958 | D:5      | Reached XP level 5. HP: 27/31 MP: 10/10
  2088 | D:4      | Noticed an ogre
  2103 | D:4      | Reached ** piety under Sif Muna
  2103 | D:4      | Reached skill level 1 in Unarmed Combat
  2135 | D:4      | Killed an ogre
  2135 | D:4      | Reached XP level 6. HP: 28/36 MP: 1/12
  2166 | D:4      | Identified the ring "Filulual" {EV+6 Dex+3}
  2185 | D:4      | Reached skill level 2 in Unarmed Combat
  2273 | D:4      | Learned a level 3 spell: Spider Form
  2301 | D:4      | Found Fytifem's Antique Armour Shop.
  2722 | D:5      | Reached skill level 1 in Transmutations
  2751 | D:5      | Reached XP level 7. HP: 41/41 MP: 13/13
  3035 | D:5      | Found a radiant altar of Vehumet.
  3086 | D:5      | Reached skill level 3 in Unarmed Combat
  3206 | D:6      | Found a staircase to the Ecumenical Temple.
  3318 | D:6      | Reached skill level 1 in Fighting
  3366 | D:6      | Found a hazy altar of Hepliaklqana.
  3398 | D:6      | Found an iron altar of Okawaru.
  3445 | D:6      | Found a snail-covered altar of Cheibriados.
  3598 | D:6      | Found an ancient bone altar of Kikubaaqudgha.
  3598 | D:6      | Found a sacrificial altar of Ru.
  3670 | D:6      | Found a glowing drain.
  3706 | D:6      | Learned a level 2 spell: Sticks to Snakes
  3707 | Sewer    | Entered a sewer
  3801 | Sewer    | Reached skill level 4 in Unarmed Combat
  3801 | Sewer    | Reached XP level 8. HP: 45/48 MP: 15/15
  3828 | Sewer    | Found a white marble altar of Elyvilon.
  4395 | D:7      | Noticed Prince Ribbit
  4491 | D:7      | Reached skill level 5 in Spellcasting
  4529 | D:7      | Noticed Joseph
  4550 | D:7      | Found a sparkling altar of Nemelex Xobeh.
  4599 | D:7      | Found a flagged portal.
  4708 | Bailey   | Entered a bailey
  4779 | Bailey   | Reached skill level 5 in Unarmed Combat
  4857 | Bailey   | Reached *** piety under Sif Muna
  4871 | Bailey   | Reached XP level 9. HP: 41/56 MP: 2/17
  5117 | D:7      | Reached skill level 6 in Unarmed Combat
  5324 | D:8      | Reached skill level 7 in Unarmed Combat
  5364 | D:8      | Learned a level 4 spell: Ice Form
  5461 | D:8      | Reached skill level 1 in Ice Magic
  5476 | D:8      | Reached skill level 5 in Transmutations
  5844 | D:8      | Reached XP level 10. HP: 61/65 MP: 11/19
  5945 | D:9      | Noticed Grum
  5959 | D:8      | Reached skill level 1 in Evocations
  6077 | D:8      | Reached skill level 8 in Unarmed Combat
  6186 | D:9      | Noticed Grum
  6186 | D:9      | Grum changed into Grum the sky beast
  6200 | D:8      | Killed Grum the sky beast
  6386 | D:9      | Reached **** piety under Sif Muna
  6623 | D:9      | Noticed a three-headed hydra
  6658 | D:9      | Reached skill level 5 in Fighting
  6814 | D:9      | Killed a three-headed hydra
  6814 | D:9      | Reached skill level 9 in Unarmed Combat
  6921 | D:9      | Found a transporter.
  6927 | D:9      | Noticed an orange crystal statue
  6932 | D:9      | Identified the +10 dagger of Uhuv {flame, rN+}
  6932 | D:9      | Noticed an orc knight
  6935 | D:9      | Found a transporter.
  6943 | D:9      | Found a staircase to the Lair.
  7128 | D:10     | Entered Level 10 of the Dungeon
  7236 | D:10     | Reached XP level 11. HP: 43/72 MP: 20/20
  7297 | D:10     | Noticed a two-headed ogre
  7303 | D:10     | Killed a two-headed ogre
  7303 | D:10     | Reached skill level 10 in Unarmed Combat
  7306 | D:10     | Reached skill level 5 in Evocations
  7328 | D:10     | Noticed a two-headed ogre
  7487 | D:10     | Noticed a two-headed ogre
  7495 | D:10     | Killed a two-headed ogre
  7917 | D:11     | Noticed a two-headed ogre
  7927 | D:11     | Killed a two-headed ogre
  8247 | D:11     | Reached skill level 11 in Unarmed Combat
  8384 | D:11     | Noticed Erica
  8526 | D:11     | Noticed a deep elf mage
  8530 | D:11     | Noticed a deep elf mage
  8531 | D:11     | Noticed a deep elf mage
  8533 | D:11     | Noticed a deep elf mage
  8534 | D:11     | Noticed a deep elf mage
  8534 | D:11     | Noticed a deep elf mage
  8534 | D:11     | Noticed a deep elf mage
  8534 | D:11     | Noticed a deep elf mage
  8535 | D:11     | Killed a deep elf mage
  8536 | D:11     | Noticed a deep elf mage
  8542 | D:11     | Killed a deep elf mage
  8544 | D:11     | Killed a deep elf mage
  8561 | D:11     | Killed a deep elf mage
  8561 | D:11     | Reached skill level 5 in Dodging
  8563 | D:11     | Killed a deep elf mage
  8568 | D:11     | Killed a deep elf mage
  8569 | D:11     | Killed a deep elf mage
  8574 | D:11     | Killed a deep elf mage
  8574 | D:11     | Reached XP level 12. HP: 57/79 MP: 0/21
  8664 | D:11     | Reached skill level 12 in Unarmed Combat
  9065 | Lair:1   | Entered Level 1 of the Lair of Beasts
  9172 | Lair:1   | Noticed a five-headed hydra
  9214 | Lair:1   | Killed a five-headed hydra
 10387 | Lair:2   | Reached skill level 13 in Unarmed Combat
 10413 | Lair:2   | Found a staircase to the Shoals.
 10886 | Lair:3   | Noticed a six-headed hydra
 10897 | Lair:3   | Killed a six-headed hydra
 10902 | Lair:3   | Found a shattered altar of Ashenzari.
 10928 | Lair:3   | Reached skill level 5 in Stealth
 11000 | Lair:3   | Noticed a six-headed hydra
 11052 | Lair:3   | Killed a six-headed hydra
 11147 | Lair:3   | Reached XP level 13. HP: 86/86 MP: 22/22
 11338 | Lair:3   | Reached ***** piety under Sif Muna
 11344 | Lair:3   | Received a gift from Sif Muna
 11391 | Lair:3   | Learned a level 4 spell: Fulminant Prism
 11809 | Lair:4   | Reached skill level 14 in Unarmed Combat
 11889 | Lair:4   | Found a staircase to the Snake Pit.
 12141 | Lair:5   | Found a runed gate.
 12141 | Lair:5   | Found a runed gate.
 12141 | Lair:5   | Found a runed gate.
 12145 | Lair:5   | Noticed Joyc's ghost (journeyman MiBe)
 12250 | Lair:5   | Noticed Nessos
 12251 | Lair:5   | Noticed Nessos
 12251 | Lair:5   | Nessos changed into Nessos the hippogriff
 12262 | Lair:5   | Killed Nessos the hippogriff
 12327 | Lair:5   | Reached skill level 5 in Conjurations
 12437 | Lair:5   | Noticed an entropy weaver
 12461 | Lair:5   | Killed an entropy weaver
 12538 | Lair:5   | Noticed an entropy weaver
 12594 | Lair:5   | Killed an entropy weaver
 13476 | Lair:5   | Reached skill level 15 in Unarmed Combat
 13569 | Lair:5   | Noticed Kirke
 13605 | Lair:5   | Noticed Kirke
 13605 | Lair:5   | Kirke changed into Kirke the fire giant
 13613 | Lair:5   | Killed Kirke the fire giant
 13613 | Lair:5   | Reached XP level 14. HP: 87/92 MP: 23/23
 13902 | Lair:6   | Entered Level 6 of the Lair of Beasts
 13989 | Lair:6   | Found a dark tunnel.
 14009 | Volcano  | Entered a volcano
 14259 | Volcano  | Noticed a red draconian
 14417 | Volcano  | Found a radiant altar of Vehumet.
 14424 | Volcano  | Received a gift from Sif Muna
 14445 | Volcano  | Killed a red draconian
 14679 | Lair:6   | Found a viscous altar of Jiyva.
 14681 | Lair:6   | Found a staircase to the Slime Pits.
 15563 | Lair:6   | Found a large runed door.
 15564 | Lair:6   | Found a large runed door.
 15673 | Lair:6   | Reached skill level 10 in Transmutations
 15702 | Lair:6   | Reached skill level 16 in Unarmed Combat
 17014 | D:4      | Bought a polished ring mail for 207 gold pieces
 17170 | D:6      | Noticed Prince Ribbit
 17170 | D:6      | Prince Ribbit changed into Prince Ribbit the water moccasin
 17175 | D:6      | Killed Prince Ribbit the water moccasin
 17205 | D:7      | Noticed Joseph
 17205 | D:7      | Joseph changed into Joseph the queen bee
 17229 | D:7      | Killed Joseph the queen bee
 17492 | D:11     | Noticed Erica
 17492 | D:11     | Erica changed into Erica the fire crab
 17505 | D:11     | Killed Erica the fire crab
 17819 | D:12     | Reached XP level 15. HP: 92/97 MP: 24/24
 18038 | D:12     | Found a roughly hewn altar of Beogh.
 18038 | D:12     | Found a staircase to the Orcish Mines.
 18141 | D:12     | Found a shattered altar of Ashenzari.
 18258 | D:12     | Found a white marble altar of Elyvilon.
 18319 | D:12     | Reached skill level 10 in Evocations
 18654 | D:13     | Found a labyrinth entrance.
 18672 | Lab      | Entered a labyrinth
 19129 | D:13     | Found a runed gate.
 19479 | D:13     | Reached skill level 17 in Unarmed Combat
 19618 | D:13     | Found a blossoming altar of Fedhas.
 19642 | D:13     | Received a gift from Sif Muna
 19781 | D:13     | Found a runed gate.
 19781 | D:13     | Found a runed gate.
 19781 | D:13     | Noticed Norriv's ghost (journeyman MiGl)
 19806 | D:13     | Found the +5 scythe "Finisher" {speed, Str+3}
 20111 | D:14     | Learned a level 6 spell: Statue Form
 20168 | D:14     | Reached skill level 1 in Earth Magic
 20245 | D:14     | Found a frozen archway.
 20274 | D:14     | Noticed Azrael
 20282 | D:14     | Noticed Azrael
 20282 | D:14     | Azrael changed into Azrael the hell hog
 20286 | D:14     | Killed Azrael the hell hog
 20365 | IceCv    | Identified a paperback manual
 20365 | IceCv    | Entered an ice cave
 20685 | IceCv    | Found an ancient bone altar of Kikubaaqudgha.
 20948 | IceCv    | Identified a +2 hat (You found it in an ice cave)
 21094 | D:14     | Found an ancient bone altar of Kikubaaqudgha.
 21098 | D:14     | Got an ancient spear
 21114 | D:14     | Found a gate to the Vaults.
 21156 | D:14     | Identified Wequ's Reference Book on Transformation and
                  | Sinister Magic (Sif Muna gifted it to you on level 14 of
                  | the Dungeon)
 21156 | D:14     | Received a gift from Sif Muna
 21430 | D:14     | Reached skill level 5 in Earth Magic
 21755 | D:15     | Entered Level 15 of the Dungeon
 21768 | D:15     | Reached XP level 16. HP: 103/103 MP: 25/25
 22139 | D:15     | Found a staircase to the Depths.
 22197 | D:15     | Learned a level 3 spell: Regeneration
 22449 | Orc:1    | Entered Level 1 of the Orcish Mines
 22509 | Orc:2    | Entered Level 2 of the Orcish Mines
 23227 | Orc:2    | Found Yram Veate's Armour Boutique.
 23228 | Orc:2    | Found Jeoll's Weapon Shop.
 23237 | Orc:2    | Found Leudgh's General Store.
 23245 | Orc:2    | Found Saaxidof's Armour Boutique.
 23464 | Orc:2    | Identified Sif Muna's Disquisition on Dislocated Darkness
                  | (Sif Muna gifted it to you on level 2 of the Orcish Mines)
 23464 | Orc:2    | Received a gift from Sif Muna
 23465 | Orc:2    | Found a staircase to the Elven Halls.
 23562 | Orc:2    | Found Wuusay's Jewellery Emporium.
 23575 | Orc:2    | Bought the ring of the Mage {Wiz MR++ Int+3} for 827 gold
                  | pieces
 23575 | Orc:2    | Found the ring of the Mage {Wiz MR++ Int+3}
 23735 | Elf:1    | Entered Level 1 of the Elven Halls
 23822 | Elf:1    | Identified the cursed +0 shield of Tueded Ojur {rF+}
 23841 | Elf:1    | Noticed a Brimstone Fiend
 24022 | Elf:1    | Identified the Reference Book on the Escort
 24237 | Elf:1    | Identified a scroll of acquirement
 24240 | Elf:1    | Found an ancient bone altar of Kikubaaqudgha.
 24645 | Elf:2    | Reached skill level 1 in Necromancy
 24648 | Elf:2    | Reached skill level 1 in Shields
 24649 | Elf:2    | Found Veak's Magic Scroll Boutique.
 24673 | Elf:2    | Bought a scroll of vulnerability for 90 gold pieces
 24675 | Elf:2    | Got a smoking iron ring
 24677 | Elf:2    | Identified the ring "Ahos" {+Fly Int+4} (You acquired it on
                  | level 2 of the Elven Halls)
 24715 | Elf:2    | Reached skill level 1 in Charms
 24806 | Elf:2    | Reached XP level 17. HP: 64/108 MP: 11/27
 24837 | Elf:2    | Identified the +6 spear "Qyxus" {flame, Stlth+} (You found
                  | it on level 14 of the Dungeon)
 25281 | Elf:2    | Found a runed gate.
 25283 | Elf:2    | Found a runed gate.
 25284 | Elf:2    | Found a runed gate.
 25595 | Elf:2    | Identified Sif Muna's Catalogue of Boosting Clay (Sif Muna
                  | gifted it to you on level 2 of the Elven Halls)
 25595 | Elf:2    | Received a gift from Sif Muna
 25915 | Elf:3    | Entered Level 3 of the Elven Halls
 26139 | Elf:3    | Reached skill level 5 in Ice Magic
 26200 | Elf:3    | Reached skill level 18 in Unarmed Combat
 26222 | Elf:3    | Reached skill level 10 in Conjurations
 26424 | Elf:3    | Noticed an Executioner
 26436 | Elf:3    | Identified the +5 scale mail of Contentment {rN+ MR+ Int+3}
 26436 | Elf:3    | Noticed a deep elf blademaster
 26685 | Elf:3    | Identified the +4 ring mail of Zurit {Regen+ Dex+2}
 26685 | Elf:3    | Noticed a deep elf blademaster
 26696 | Elf:3    | Killed a deep elf blademaster
 26696 | Elf:3    | Reached XP level 18. HP: 102/116 MP: 28/28
 26725 | Elf:3    | Identified the +7 trident "Salomu" {pierce, rF+ MR+ Str+4
                  | Int-4}
 26727 | Elf:3    | Identified the +2 battleaxe of Bread {venom, Str+3 Dex-4}
 26807 | Elf:3    | Killed a deep elf blademaster
 26864 | Elf:3    | Noticed a deep elf master archer
 26874 | Elf:3    | Killed a deep elf master archer
 26958 | Elf:3    | Identified Sif Muna's Volume of Transmigration and Combat
                  | Magic (Sif Muna gifted it to you on level 3 of the Elven
                  | Halls)
 26958 | Elf:3    | Received a gift from Sif Muna
 27005 | Elf:3    | Learned a level 4 spell: Leda's Liquefaction
 27076 | Elf:3    | Gained mutation: Your body sometimes deteriorates upon
                  | taking damage. [potion of mutation]
 27076 | Elf:3    | Gained mutation: You tend to lose your temper in combat.
                  | [potion of mutation]
 27076 | Elf:3    | Gained mutation: Your skin blends seamlessly with your
                  | surroundings (Stealth++). [potion of mutation]
 27076 | Elf:3    | Gained mutation: You have a pair of small antennae on your
                  | head. [potion of mutation]
 27077 | Elf:3    | Lost mutation: Your body sometimes deteriorates upon taking
                  | damage. [potion of mutation]
 27077 | Elf:3    | Lost mutation: You have a pair of small antennae on your
                  | head. [potion of mutation]
 27077 | Elf:3    | Lost mutation: You tend to lose your temper in combat.
                  | [potion of mutation]
 27077 | Elf:3    | Gained mutation: You are somewhat resistant to further
                  | mutation. [potion of mutation]
 27097 | Elf:3    | Identified the +1 ring mail of Watchfulness {+Inv MR+}
 27126 | Elf:3    | Identified the Compendium of Self-Improvement and the
                  | Mountains
 27136 | Elf:3    | Identified the Grimoire of Fire and Clay
 27452 | Orc:2    | Bought the +1 shield of Ruoxt {MR- rCorr Int+4 Dex+4} for
                  | 451 gold pieces
 27515 | Orc:2    | Bought the amulet "Iskaitra" {RegenMP rElec} for 704 gold
                  | pieces
 27515 | Orc:2    | Bought the ring of Jaesmozo {*Corrode +Fly Int+4 Dex+4
                  | SInv} for 689 gold pieces
 27571 | Elf:1    | Got a dazzling hand axe
 28012 | Depths:1 | Entered Level 1 of the Depths
 28076 | Depths:1 | Noticed a lich
 28089 | Depths:1 | Killed a lich
 28262 | Depths:1 | Reached skill level 5 in Necromancy
 28349 | Depths:1 | Identified the +5 faerie dragon scales {rElec rCorr Slay+3}
 28349 | Depths:1 | Noticed the Enchantress
 28354 | Depths:1 | Noticed the Enchantress
 28354 | Depths:1 | the Enchantress changed into the Enchantress the stone
                  | giant
 28363 | Depths:1 | Killed the Enchantress the stone giant
 28363 | Depths:1 | HP: 7/153 [stone giant/exploding inner flame[the player
                  | character] (7)]
 28363 | Depths:1 | Killed from afar by the Enchantress the stone giant

Vault maps used:
D:1:      tarquinn_simple_flora_water_d, lemuel_another_geyser
D:2:      chequers_ecumenical_altar_twisty, corexii_corridor_pit
D:3:      grunt_ministairs_6
D:4:      serial_glass, glass_columns_a, glass_columns_b, serial_shops,
          nicolae_shop_overgrown_old_shop, minmay_misc_feat_alley,
          hangedman_decor_growths
D:5:      lemuel_doored_altar, first_ration, serial_park, serial_park_avenue1,
          serial_park_square3
D:6:      okawaru_gym_becter, slow_altar_1, nicolae_overflow_crystal_walls,
          gammafunk_temple_overflow_statue, temple_hall, serial_glass,
          glass_columns_c, glass_columns_a, cheibrodos_sewer_entry_bend
D:7:      nemelex_xobeh_ov_fountains_minmay, enter_bailey_2, uniq_joseph,
          uniq_prince_ribbit1
D:9:      gammafunk_sealed_arena, lair_entry_dummy, hangedman_ranch,
          minmay_misc_feat_hallway, patterned_corridor, uniq_grum
D:11:     elves_outpost_lemuel, uniq_erica
D:12:     david_orc_5, basic_altar, elyvilon_altar_4
D:13:     gammafunk_ghost_necromancy, lab_entry_generic, basic_altar,
          roderic_lattice_a, spider_trap, kennysheep_big_empty_room,
          minmay_guarded_unrand_finisher
D:14:     erik_vaults_2, basic_altar, serial_ice, serial_ice_m, serial_ice_l,
          serial_ice_o, serial_ice_f, portal_ice_cave_rime,
          minmay_misc_feat_iff, minmay_fountain_box, item_on_display_a,
          uniq_azrael
D:15:     grunt_enter_depths_hoard, minivault_24, hex_tiny
Lair:1:   serial_bayou_pond_b, st_stairs_12, minivault_24,
          chequers_serial_rivers_micro_c, grunt_megastairs_2
Lair:2:   minmay_shoals_entry_beasts, minmay_lair_oklob_chamber,
          serial_bayou_shore_b
Lair:3:   basic_altar, grunt_megastairs_5
Lair:4:   dummy_snake_entry, infiniplex_staircase_pool_2, grunt_megastairs_3
Lair:5:   gammafunk_ghost_split, minivault_29, uniq_kirke, uniq_nessos
Lair:6:   cheibrodos_lair_end_hotspot, slime_altar_1, enter_volcano_1,
          lemuel_fruit_fields
Orc:2:    st_orc_open, serial_shops, nicolae_shop_waterfront
Elf:1:    minmay_elf_arrival_summoners, minmay_elf_demonology,
          corexii_leaking_fountain, lemuel_statue_altar
Elf:2:    serial_shops, nicolae_shop_trees
Elf:3:    minmay_elf_hall_curves
Depths:1: evilmike_ruin_ashenzari, grunt_metal_band,
          chequers_serial_rivers_small_a, guppyfry_shop_venom,
          serial_bayou_shore_b, uniq_enchantress
Lab:      labyrinth_hidden_loot
Sewer:    sewer_kobolds
Bailey:   bailey_axe_1, bailey
IceCv:    ice_cave_small_necro
Volcano:  volcano_grotto

Skill      XL: |  1  2  3  4  5  6  7  8  9 10 11 12 13 14 15 16 17 18 |
---------------+-------------------------------------------------------+-----
Conjurations   | 2 3 4 6 8 9 10 11 | 11.0
Poison Magic   | 1 2 3 |  3.0
Air Magic      | 1 |  1.0
Unarmed Combat | 1 2 4 5 7 9 11 13 15 16 17 18 | 18.9
Spellcasting   | 4 5 6 7 |  7.0
Stealth        | 3 5 6 |  6.0
Transmutations | 1 2 3 5 6 7 9 10 11 13 14 | 14.0
Fighting       | 1 3 4 5 6 7 8 9 |  9.0
Dodging        | 3 4 5 6 |  6.0
Ice Magic      | 1 2 6 9 |  9.0
Evocations     | 4 7 8 9 10 | 10.0
Translocations | 2 |  2.0
Earth Magic    | 5 8 |  8.0
Necromancy     | 1 4 6 |  6.2
Shields        | 1 4 |  4.0
Charms         | 1 4 |  4.0
Summonings     | |  1.0

Action                   |  1- 3 |  4- 6 |  7- 9 | 10-12 | 13-15 | 16-18 || total
-------------------------+-------+-------+-------+-------+-------+-------++-------
Melee: Unarmed           |    23 |    11 |   334 |   421 |  1247 |   913 ||  2949
       Constrict         |    13 |    12 |     9 |       |     5 |   145 ||   184
       Tentacles         |     4 |     5 |     6 |     2 |     4 |   131 ||   152
       Whip              |    11 |    32 |       |       |       |       ||    43
       Spear             |       |    15 |       |       |       |       ||    15
       Punch             |       |       |     4 |       |    10 |   104 ||   118
 Cast: Magic Dart        |    73 |    30 |    33 |    49 |    32 |       ||   217
       Mephitic Cloud    |       |     6 |    16 |    44 |   110 |    26 ||   202
       Conjure Flame     |       |     2 |    12 |    44 |    67 |       ||   125
       Spider Form       |       |     2 |    39 |    42 |    32 |       ||   115
       Ice Form          |       |       |     1 |    16 |    61 |       ||    78
       Sticks to Snakes  |       |       |       |     7 |     2 |     1 ||    10
       Blink             |       |       |       |     2 |     9 |    14 ||    25
       Fulminant Prism   |       |       |       |       |    52 |     2 ||    54
       Statue Form       |       |       |       |       |     3 |    68 ||    71
       Regeneration      |       |       |       |       |       |    23 ||    23
       Leda's Liquefacti |       |       |       |       |       |     1 ||     1
Invok: Divine Energy     |     1 |       |       |       |       |       ||     1
       Forget Spell      |       |       |       |       |     1 |     1 ||     2
 Abil: End Transformatio |       |       |       |       |    11 |       ||    11
Evoke: Wand              |       |       |     1 |     4 |    16 |     4 ||    25
  Use: Potion            |     1 |     2 |     2 |     6 |    12 |     5 ||    28
       Scroll            |       |     2 |     6 |     4 |    21 |    17 ||    50
 Stab: Sleeping          |     2 |     3 |    13 |     2 |     9 |     3 ||    32
       Distracted        |       |     1 |       |       |     3 |       ||     4
       Confused          |       |       |       |    16 |    73 |    11 ||   100
       Invisible         |       |       |       |     2 |       |       ||     2
  Eat: Chunk             |     2 |     4 |    10 |    20 |    34 |    45 ||   115
       Ration            |       |       |     1 |       |     5 |     3 ||     9
Armor: Skin              |    12 |       |    15 |    13 |    98 |   378 ||   516
Dodge: Dodged            |    52 |    38 |   382 |   402 |  1047 |  1080 ||  3001
Block: Buckler           |       |       |       |       |       |   175 ||   175

Table legend:
 A = Non-vault XP
 B = Vault XP
 C = Vault XP percentage of total XP
 D = Non-vault monster count
 E = Vault monster count
 F = Vault count percentage of total count
                 A         B        C        D         E       F
            +---------+---------+-------+---------+---------+-------
      Total |  156696 |  146655 |  48.3 |     623 |     397 |  38.9
            +---------+---------+-------+---------+---------+-------
        D:1 |      33 |       0 |   0.0 |      21 |       0 |   0.0
        D:2 |      11 |       0 |   0.0 |       7 |       0 |   0.0
        D:3 |      35 |       2 |   5.4 |       8 |       2 |  20.0
        D:4 |     261 |       0 |   0.0 |      21 |       0 |   0.0
        D:5 |     458 |       0 |   0.0 |      21 |       0 |   0.0
        D:6 |     312 |     160 |  33.9 |       6 |       4 |  40.0
        D:7 |     794 |     296 |  27.2 |      15 |       1 |   6.2
        D:8 |    2581 |     102 |   3.8 |      41 |       1 |   2.4
        D:9 |    1002 |    2466 |  71.1 |      13 |      11 |  45.8
       D:10 |    3704 |       0 |   0.0 |      32 |       0 |   0.0
       D:11 |    3809 |    5765 |  60.2 |      23 |      10 |  30.3
       D:12 |    5301 |    1024 |  16.2 |      28 |      23 |  45.1
       D:13 |    7884 |     866 |   9.9 |      46 |       4 |   8.0
       D:14 |    8953 |   11392 |  56.0 |      25 |      24 |  49.0
       D:15 |    3517 |    1992 |  36.2 |      11 |       2 |  15.4
     Lair:1 |    3412 |     618 |  15.3 |      14 |       3 |  17.6
     Lair:2 |    2341 |    1767 |  43.0 |      12 |       4 |  25.0
     Lair:3 |    5728 |    1449 |  20.2 |      19 |       2 |   9.5
     Lair:4 |    1346 |    1010 |  42.9 |       5 |       1 |  16.7
     Lair:5 |    9921 |    9783 |  49.6 |      41 |      47 |  53.4
     Lair:6 |   12281 |    8880 |  42.0 |      41 |      32 |  43.8
      Orc:1 |    3820 |       0 |   0.0 |      35 |       0 |   0.0
      Orc:2 |    2259 |   13224 |  85.4 |      22 |      37 |  62.7
      Elf:1 |   12320 |    7594 |  38.1 |      23 |      12 |  34.3
      Elf:2 |   16564 |   21366 |  56.3 |      31 |      28 |  47.5
      Elf:3 |   23378 |   36420 |  60.9 |      38 |      27 |  41.5
   Depths:1 |   24671 |    7404 |  23.1 |      24 |       8 |  25.0
        Lab |       0 |    1544 | 100.0 |       0 |       2 | 100.0
      Sewer |       0 |     103 | 100.0 |       0 |       8 | 100.0
     Bailey |       0 |     594 | 100.0 |       0 |      32 | 100.0
      IceCv |       0 |    6548 | 100.0 |       0 |      54 | 100.0
    Volcano |       0 |    4286 | 100.0 |       0 |      18 | 100.0
            +---------+---------+-------+---------+---------+-------
